 Dungeon Crawl Stone Soup version 0.24.0-125-gc4c63601f3 (webtiles) character file.

Game seed: 11149055135716702043, levelgen mode: deterministic

77 KeeTraxx the Skirmisher (level 4, -1/41 HPs)
             Began as a Minotaur Summoner on Feb 16, 2020.
             Slain by a jackal (2 damage)
             ... on level 2 of the Dungeon.
             The game lasted 00:03:35 (1531 turns).

KeeTraxx the Skirmisher (Minotaur Summoner)         Turns: 1531, Time: 00:03:36

Health: -1/41      AC:  2    Str: 13    XL:     4   Next: 13%
Magic:  5/5        EV: 12    Int: 12    God:
Gold:   45         SH:  0    Dex: 11    Spells: 4/5 levels left

rFire    . . .     SeeInvis +   j - +0 dagger
rCold    . . .     Gourm    .   (no shield)
rNeg     . . .     Faith    .   a - +0 robe
rPois    .         Spirit   .   (helmet restricted)
rElec    .         Reflect  .   (no cloak)
rCorr    .         Harm     .   (no gloves)
MR       .....     Rnd*Tele +   (no boots)
Stlth    ++........             (no amulet)
HPRegen  0.13/turn              g - ring of teleportation (curse)
MPRegen  0.09/turn              e - ring of see invisible

@: lethally poisoned (-1 -> -10)
A: retaliatory headbutt, horns 2
a: no special abilities


You were on level 2 of the Dungeon.
You were not hungry.

You visited 1 branch of the dungeon, and saw 2 of its levels.

You collected 45 gold pieces.

Inventory:

Hand Weapons
 j - a +0 dagger (weapon)
Missiles
 d - 120 stones (quivered)
Armour
 a - a +0 robe (worn)
Jewellery
 e - a ring of see invisible (right hand)
 g - a cursed ring of teleportation (left hand)
Scrolls
 h - a scroll of teleportation
 i - a scroll of magic mapping {unknown}
Potions
 b - a potion of curing {unknown}
 k - a potion of flight {unknown}
Comestibles
 c - a ration


   Skills:
 + Level 4.6 Fighting
 - Level 2.1 Dodging
 - Level 1.5 Stealth
 - Level 1.3 Spellcasting
 - Level 2.9 Summonings


You had 4 spell levels left.
You knew the following spells:

 Your Spells              Type           Power        Failure   Level  Hunger
a - Summon Small Mammal   Summ           #...         9%          1    ##.....

Your spell library contained the following spells:

 Spells                   Type           Power        Failure   Level  Hunger
 Call Imp                 Summ           #.......     13%         2    ###....
 Call Canine Familiar     Summ           #.......     26%         3    ####...
 Summon Guardian Golem    Hex/Summ       #.......     43%         3    ####...
 Summon Ice Beast         Ice/Summ       #.......     83%         4    #####..
 Summon Lightning Spire   Summ/Air       #.......     83%         4    #####..


Dungeon Overview and Level Annotations

Branches:
Dungeon (2/15)

Altars:
Elyvilon


Innate Abilities, Weirdness & Mutations

You reflexively headbutt those who attack you in melee.
You have a pair of horns on your head.


Message History

* * * LOW HITPOINT WARNING * * *
You feel sick. The bat hits you but does no damage. The adder misses you.
You furiously retaliate!
You headbutt the adder.
Unknown command.
Unknown command.
Unknown command.
Unknown command.
Unknown command.
You miss the adder.
The adder is almost dead.
The bat hits you but does no damage. The bat hits you.
* * * LOW HITPOINT WARNING * * *
The jackal barely misses you. The adder bites you.
* * * LOW HITPOINT WARNING * * *
You are more poisoned.
The adder poisons you! The bat barely misses you. The jackal barely misses you.
You furiously retaliate!
You headbutt the jackal!
You kill the jackal!
The jackal bites you.
You die...

#.............## #....#
...♣._.♣.......###.##..#
.r..........†..##...##....
##≈..♣..≈#....##8...8##hg...
#≈≈.r.≈≈######.††....#......
###...### #.<.8.<.#......
##.# #...)÷..#...... #..
#####8.<.8##...... ..
#.h@##...##..$..^b
#.bhS#####........
#...SK...'........
#........#........
######..##........
#..##........ #...#..####..
#.#.##.# # #.#.# .+


You could see 2 adders, 2 jackals, a bat and a kobold.

Vanquished Creatures
  2 adders
  A worm (D:2)
  2 dart slugs (D:1)
  2 leopard geckos (D:1)
  A ball python (D:1)
  2 bats
  A giant cockroach (D:2)
  8 goblins
  4 hobgoblins
  8 jackals
  A quokka (D:2)
  4 frilled lizards
  4 kobolds (D:1)
  7 rats
47 creatures vanquished.

Vanquished Creatures (others)
  A goblin (D:2)
1 creature vanquished.

Grand Total: 48 creatures vanquished

Notes
Turn   | Place    | Note
-------+----------+-------------------------------------------
     0 | D:1      | KeeTraxx the Minotaur Summoner began the quest for the Orb.
     0 | D:1      | Reached XP level 1. HP: 14/14 MP: 1/1
    48 | D:1      | Reached skill level 1 in Fighting
   174 | D:1      | Reached skill level 2 in Fighting
   177 | D:1      | Reached XP level 2. HP: 24/24 MP: 3/3
   314 | D:1      | Reached skill level 3 in Fighting
   566 | D:1      | Reached XP level 3. HP: 31/31 MP: 4/4
  1029 | D:1      | Reached skill level 4 in Fighting
  1445 | D:2      | Reached XP level 4. HP: 17/41 MP: 5/5
  1447 | D:2      | Found a white marble altar of Elyvilon.
  1531 | D:2      | HP: 2/41 [bat (1)]
  1531 | D:2      | Slain by a jackal

Levels and vault maps discovered:
D:1:      roderic_crossed_star, layout_basic, minmay_misc_feat_doors
D:2:      layout_basic, elyvilon_altar_4, grunt_ministairs_7,
          supply_closet_lemuel

Skill      XL: |  1  2  3 |
---------------+----------+-----
Fighting       | 2 3 4 |  4.6
Dodging        | |  2.1
Stealth        | |  1.5
Spellcasting   | |  1.3
Summonings     | |  2.9

Action                   |  1- 3 |  4- 6 || total
-------------------------+-------+-------++-------
Melee: Whip              |    56 |       ||    56
       Unarmed           |     9 |       ||     9
       Headbutt          |    10 |     2 ||    12
       Dagger            |    44 |     9 ||    53
  Use: Scroll            |     2 |       ||     2
 Stab: Sleeping          |     3 |     1 ||     4
  Eat: Chunk             |     2 |       ||     2
Armor: Robe              |    18 |     7 ||    25
Dodge: Dodged            |    92 |    19 ||   111
